 Dungeon Crawl Stone Soup version 0.29.1-12-g30fa7ad0bf (webtiles) character file.

Game seed: 13399386388755653418

62 sanboga the Chopper (level 3, -1/49 HPs)
             Began as a Minotaur Berserker on Jan 9, 2023.
             Was a Believer of Trog.
             Slain by Grinder (7 damage)
             ... on level 4 of the Dungeon.
             The game lasted 00:02:25 (2725 turns).

sanboga the Chopper (Minotaur Berserker)            Turns: 2725, Time: 00:02:25

Health: -1/49      AC:  2    Str: 23    XL:     3   Next: 85%
Magic:  2/2        EV: 12    Int:  4    God:    Trog [**....]
Gold:   205        SH:  0    Dex:  9    Spells: 2/2 levels left

rFire   . . .      SeeInvis .   i - +0 war axe
rCold   . . .      Faith    .   (no shield)
rNeg    . . .      Spirit   .   b - +0 animal skin
rPois   .          Reflect  .   (helmet restricted)
rElec   .          Harm     .   (no cloak)
rCorr   .          Rampage  .   (no gloves)
Will    .....                   (no boots)
Stlth   ..........              (no amulet)
HPRegen 0.16/turn               (no ring)
MPRegen 0.08/turn               (no ring)

@: berserking, very quick
A: horns 2, retaliatory headbutt
a: Renounce Religion, Berserk, Trog's Hand


You were on level 4 of the Dungeon.
You worshipped Trog.
Trog was pleased with you.
You visited 1 branch of the dungeon, and saw 4 of its levels.

You collected 205 gold pieces.

Inventory:

Hand Weapons
 a - a +0 hand axe of flaming
 i - a +0 war axe (weapon)
Armour
 b - a +0 animal skin (worn)
Scrolls
 d - a scroll of noise {unknown}
 l - a scroll of identify {unknown}
Potions
 c - 2 potions of brilliance {unknown}
 e - a potion of attraction {unknown}
 f - a potion of curing {unknown}
 g - 2 potions of cancellation {unknown}
 h - 3 potions of degeneration {unknown}
 j - a potion of mutation {unknown}


   Skills:
 + Level 4.3 Fighting
 * Level 4.9 Axes
 + Level 3.2 Armour
 - Level 2.1 Dodging


You had 2 spell levels left.
You didn't know any spells.
Your spell library was empty.

Dungeon Overview and Level Annotations

Branches:
Dungeon (4/15)
 Temple: D:4-7

Altars:
Kikubaaqudgha

Annotations:
D:4 Grinder


Innate Abilities, Weirdness & Mutations

You have a pair of horns on your head.
You reflexively headbutt those who attack you in melee.


Message History

The dart slug bites you but does no damage.
Grinder grins, showing sharp teeth.
You can move again.
You slash the dart slug!
You kill the dart slug!
Trog accepts your kill.
Unknown command.
Found an ancient bone altar of Kikubaaqudgha.
Unknown command.
You slash Grinder!
Grinder is moderately wounded.
Grinder gestures at you. Pain shoots through your body!
You barely miss Grinder.
Grinder is moderately wounded.
You hit the endoplasm.
You kill the endoplasm!
Trog accepts your kill. Grinder gestures at you.
You resist with significant effort.
You hit Grinder.
Grinder is moderately wounded.
Grinder hits you.
You writhe in agony.
Grinder hits you.
You writhe in agony.
You closely miss Grinder.
Grinder is moderately wounded.
Grinder hits you!
* * * LOW HITPOINT WARNING * * *
You are too injured to fight recklessly!
A red film seems to cover your vision as you go berserk!
You feel yourself moving faster!
You feel mighty! Grinder closely misses you.
You closely miss Grinder. Your headbutt misses Grinder.
Grinder is moderately wounded.
Grinder hits you.
* * * LOW HITPOINT WARNING * * *
You writhe in agony.
* * * LOW HITPOINT WARNING * * *
You closely miss Grinder. You headbutt Grinder!
Grinder is severely wounded.
Grinder hits you!
You die...

#.._.# #.#....#
......###
...P... #..P.#
#..P.#
#######5.P.####
.......@...##<#
......†....##.#
########.P.##.#
......P....#
#####.P.####
.....P...
####...###
#.... #$.###


You could see Grinder.

Vanquished Creatures
  A worm (D:3)
  2 dart slugs
  2 orcs (D:3)
  3 bats
  7 endoplasms
  A giant cockroach (D:2)
  4 hobgoblins
  3 jackals (D:3)
  2 quokkas (D:3)
  7 ball pythons
  5 frilled lizards
  3 goblins
  3 kobolds (D:1)
  8 rats
51 creatures vanquished.

Notes
Turn   | Place    | Note
-------+----------+-------------------------------------------
     0 | D:1      | sanboga the Minotaur Berserker began the quest for the Orb.
     0 | D:1      | Reached XP level 1. HP: 19/19 MP: 0/0
   323 | D:1      | Reached XP level 2. HP: 27/27 MP: 1/1
   400 | D:1      | Found a faded altar of an unknown god.
  1159 | D:2      | Reached ** piety under Trog
  1447 | D:2      | Reached XP level 3. HP: 30/33 MP: 2/2
  2710 | D:4      | Noticed Grinder
  2714 | D:4      | Paralysed by Grinder for 3 turns
  2718 | D:4      | Found an ancient bone altar of Kikubaaqudgha.
  2725 | D:4      | Slain by Grinder

Illustrated notes

Levels and vault maps discovered:
D:1:      dpeg_arrival_rooms_with_view, layout_rooms,
          ebering_ecumenical_altar_mist, grunt_decor_junction
D:2:      layout_basic
D:3:      layout_basic
D:4:      layout_basic, mainiacjoe_overflow_boulevard, uniq_grinder

Skill      XL: |  1  2  3 |
---------------+----------+-----
Axes           | 4 |  4.9
Fighting       | 4 |  4.3
Armour         | 3 |  3.2
Dodging        | |  2.1

Action                   || total
-------------------------++-------
Melee: Hand axe          ||    34
       Headbutt          ||     7
       War axe           ||    53
       Punch             ||     2
Invok: Berserk           ||     1
  Use: Scroll            ||     3
Armor: Animal skin       ||    10
Dodge: Dodged            ||    63
